 Dungeon Crawl Stone Soup version 0.30-a0-1053-gbd8d5ba0ad (webtiles) character file.

Game seed: 10999486918370122514

4 cforsyth the Caller (level 1, 0/11 HPs)
             Began as an Octopode Summoner on Apr 12, 2023.
             Slain by a ball python (1 damage)
             ... on level 1 of the Dungeon.
             The game lasted 00:00:20 (150 turns).

cforsyth the Caller (Octopode Summoner)              Turns: 150, Time: 00:00:21

Health: 0/11       AC:  1    Str:  7    XL:     1   Next: 70%
Magic:  2/3        EV: 13    Int: 17    God:
Gold:   13         SH:  0    Dex: 12    Spells: 3/4 levels left

rFire   . . .      SeeInvis .    (no weapon)
rCold   . . .      Faith    .    (no shield)
rNeg    . . .      Spirit   .    (helmet restricted)
rPois   .          Reflect  .    (no amulet)
rElec   .          Rampage  .    (no ring)
rCorr   .                        (no ring)
Will    .....                    (no ring)
Stlth   +++                      (no ring)
HPRegen 0.21/turn                (no ring)
MPRegen 0.08/turn                (no ring)
                                 (no ring)
                                 (no ring)

@: no status effects
A: almost no armour, amphibious, 8 rings, camouflage 1, gelatinous body 1,
(nimble swimmer 1), tentacles
a: no special abilities


You were on level 1 of the Dungeon.
You visited 1 branch of the dungeon, and saw 1 of its levels.

You collected 13 gold pieces.

Inventory:

Potions
 a - a potion of magic


   Skills:
 - Level 2.0 Dodging
 - Level 2.6 Stealth
 + Level 2.2 Spellcasting
 + Level 4.1 Summonings


You had 3 spell levels left.
You knew the following spells:

 Your Spells              Type           Power      Damage    Failure   Level
a - Summon Small Mammal   Summ           60%        N/A       3%          1

Your spell library contained the following spells:

 Spells                   Type           Power      Damage    Failure   Level
 Call Imp                 Summ           30%        N/A       5%          2
 Call Canine Familiar     Summ           15%        N/A       11%         3
 Summon Guardian Golem    Hex/Summ       8%         N/A       24%         3
 Summon Lightning Spire   Summ/Air       8%         N/A       63%         4


Dungeon Overview and Level Annotations

Branches:
Dungeon (1/15)

Altars:


Innate Abilities, Weirdness & Mutations

You cannot wear most types of armour.
You are amphibious.
You can wear up to eight rings at the same time.
Your skin changes colour to match your surroundings (Stealth+).
Your rubbery body absorbs attacks. (AC +1, EV +1)
((You are camouflaged when in or above water. (Stealth+)))
You have tentacles for arms and can constrict up to eight enemies at once.


Message History

No target in view!
Your bat disappears in a puff of smoke!
HP restored.
Your bat disappears in a puff of smoke!
You now have 13 gold pieces (gained 10).
You open the door.
A ball python, a frilled lizard and a kobold come into view.
There are monsters nearby!
There are monsters nearby!
There are monsters nearby!
There are monsters nearby!
There is an open door here.
A goblin comes into view. It is wielding a +0 dagger.
The goblin shouts!
You closely miss the kobold.
The kobold shouts!
You grab the kobold. You squeeze the kobold.
The kobold is heavily wounded.
You constrict the kobold.
The ball python hisses angrily.
The kobold hits you with a +0 dagger.
You constrict the kobold, but do no damage.
The kobold hits you with a +0 dagger. The frilled lizard bites you.
The ball python bites your quokka.
The ball python closely misses your quokka.
You are too injured to fight recklessly!
You are too injured to fight recklessly!
You release your grip on the kobold.
Your quokka completely misses the frilled lizard.
The frilled lizard bites you.
* * * LOW HITPOINT WARNING * * *
The ball python bites you but does no damage.
The ball python grabs you. The ball python constricts you.
* * * LOW HITPOINT WARNING * * *
Your quokka misses the frilled lizard.
There is an open door here.
You escape the ball python's grasp.
The ball python attacks as you move away!
The ball python bites you.
You die...

#..#.#.......#
#..#.#.......#
#..#.#.......#
#..#.#.......#
#..#.#g......#
#..#.#.......#
#..#.#.......#
#..#.#lK.....#
#....@Sr.......
#.##†#.......##
#.##.#.......#
#.##.#.......#
#.##.###...###
#.##.# ...#
#.##.# ...#
#.##.. ..#
#.####


You could see a goblin, a ball python, a kobold, a frilled lizard (ally target)
and a friendly quokka (summoned).

Vanquished Creatures
  An endoplasm (D:1)
  A giant cockroach (D:1)
  A hobgoblin (D:1)
  A rat (D:1)
4 creatures vanquished.

Notes
Turn   | Place    | Note
-------+----------+-------------------------------------------
     0 | D:1      | cforsyth the Octopode Summoner began the quest for the Orb.
     0 | D:1      | Reached XP level 1. HP: 11/11 MP: 3/3
   150 | D:1      | Slain by a ball python

Illustrated notes

Levels and vault maps discovered:
D:1:      dpeg_arrival_prison, layout_basic

Action                     || total
---------------------------++-------
  Melee: Unarmed           ||     8
         Tentacles         ||     5
         Constrict         ||     3
   Cast: Summon Small Mamm ||     7
   Stab: Sleeping          ||     2
 Armour: Skin              ||     1
  Dodge: Dodged            ||     3

Table legend: (Time is in decaauts)
 A = Elapsed time spent in this place.
 B = Non-inter-level travel time spent in this place.
 C = Inter-level travel time spent in this place.
 D = Time resting spent in this place.
 E = Time spent auto-exploring this place.
 F = Levels seen in this place.
 G = Mean time per level.
                   A        B        C        D        E       F      G
               +--------+--------+--------+--------+--------+-----+--------+
         Total |    150 |    150 |      0 |      0 |    114 |   1 |  150.0 |
       Dungeon |    150 |    150 |      0 |      0 |    114 |   1 |  150.0 |
               +--------+--------+--------+--------+--------+-----+--------+

Top non-repeatable levels by time:
     D:1: 150 daAuts
